 Dungeon Crawl Stone Soup version 0.21-a0-104-g7b58145 (webtiles) character file.

70 tilp the Magician (level 4, -1/33 HPs)
             Began as a Hill Orc Fire Elementalist on July 6, 2017.
             Slain by Robin
             ... wielding a +2 dagger of venom
              (2 damage)
             ... on level 3 of the Dungeon.
             The game lasted 00:05:56 (1768 turns).

tilp the Magician (Hill Orc Fire Elementalist)      Turns: 1768, Time: 00:05:58

Health: -1/33      AC:  6    Str: 10    XL:     4   Next: 21%
Magic:  0/9        EV: 17    Int: 16    God:
Gold:   94         SH:  0    Dex: 16    Spells: 3/9 levels left

rFire    . . .     SeeInvis .   l - +0 dagger
rCold    . . .     Gourm    .   (no shield)
rNeg     . . .     Faith    .   k - +0 leather armour
rPois    .         Spirit   .   (no helmet)
rElec    .         Reflect  .   (no cloak)
rCorr    .         Harm     .   i - +2 pair of gloves
MR       .....                  (no boots)
Stlth    +++.......             (no amulet)
HPRegen  0.11/turn              (no ring)
MPRegen  0.11/turn              (no ring)

@: agile, lethally poisoned (-1 -> -31), very slightly contaminated
A: no striking features
a: no special abilities


You were on level 3 of the Dungeon.
You were not hungry.

You visited 1 branch of the dungeon, and saw 3 of its levels.

You collected 94 gold pieces.

Inventory:

Hand Weapons
 e - a +0 short sword
 l - a +0 dagger (weapon)
Missiles
 d - 75 stones
 f - 5 javelins (quivered)
Armour
 a - a +0 robe
 i - a +2 pair of gloves (worn)
 k - a +0 leather armour (worn)
Scrolls
 h - 2 scrolls of immolation {unknown}
 j - a scroll of noise {unknown}
 m - 4 scrolls of remove curse {unknown}
 p - 4 scrolls of identify {unknown}
Potions
 o - a potion of brilliance {unknown}
Books
 b - a book of Flames

   Spells                             Type                      Level
   a - Flame Tongue                   Conjuration/Fire             1
   b - Throw Flame                    Conjuration/Fire             2
   c - Conjure Flame                  Conjuration/Fire             3
   d - Inner Flame                    Hexes/Fire                   3
   e - Sticky Flame                   Conjuration/Fire             4
   f - Fireball                       Conjuration/Fire             5
Comestibles
 c - a bread ration
 g - 12 chunks of flesh


   Skills:
 - Level 1.5 Dodging
 - Level 1.5 Stealth
 + Level 3.3 Spellcasting
 - Level 1.0 Conjurations
 - Level 3.2 Fire Magic


You had 3 spell levels left.
You knew the following spells:

 Your Spells              Type           Power        Failure   Level  Hunger
a - Flame Tongue          Conj/Fire      #....        11%         1    None
b - Throw Flame           Conj/Fire      #.....       16%         2    ##.....
c - Conjure Flame         Conj/Fire      #.......     30%         3    ###....


Dungeon Overview and Level Annotations

Branches:
Dungeon (3/15)

Altars:

Annotations:
D:3 Robin


Message History

Press: ? - help, Shift-Dir - straight line, f/p - Robin
Aim: Robin, wielding a dagger of venom, wearing an animal skin and wearing a helmet (severely wounded)
The flame tongue misses Robin.
The flame tongue hits the goblin.
You kill the goblin!
You feel sick. The goblin hits you. Robin hits you with a dagger of venom.
* * * LOW HITPOINT WARNING * * *
You are more poisoned.
You hit Robin but do no damage.
Robin is severely wounded.
* * * LOW HITPOINT WARNING * * *
You feel very sick.
The goblin no longer looks unusually strong.
The goblin hits you but does no damage. Robin hits you but does no damage.
It was a potion of agility.
You feel agile all of a sudden.
* * * LOW HITPOINT WARNING * * *
You feel sick. The goblin hits you.
* * * LOW HITPOINT WARNING * * *
Robin hits you with a dagger of venom.
You die...

#### #.. # #.#
#####.########.########
#g#..?.ggg@g.......<..#
#.####.#.#.########.######.#
#gggg.<..# #.# # ..g.gg..###
#.# ######### #.# #.# #.#
..#


You could see Robin, a hobgoblin and 2 goblins.

Vanquished Creatures
  An adder (D:2)
  2 worms (D:2)
  A dart slug (D:2)
  4 bats
  2 giant cockroaches (D:1)
  11 goblins
  4 hobgoblins
  5 jackals
  5 kobolds
  A quokka (D:2)
  5 frilled lizards
  10 rats
51 creatures vanquished.

Notes
Turn   | Place    | Note
-------+----------+-------------------------------------------
     0 | D:1      | tilp the Hill Orc Fire Elementalist began the quest for the Orb.
     0 | D:1      | Reached XP level 1. HP: 14/14 MP: 3/3
   149 | D:1      | Reached XP level 2. HP: 18/20 MP: 0/5
   313 | D:1      | Learned a level 2 spell: Throw Flame
   816 | D:2      | Reached XP level 3. HP: 21/26 MP: 4/6
   839 | D:2      | Learned a level 3 spell: Conjure Flame
  1572 | D:3      | Noticed Robin
  1577 | D:2      | Reached XP level 4. HP: 28/33 MP: 5/8
  1768 | D:3      | HP: 1/33 [goblin[Robin] (2)]
  1768 | D:3      | Slain by Robin

Vault maps used:
D:1:      dpeg_arrival_three_smaller_balls, minmay_misc_feat_square,
          fountainhead, minmay_tromino_v4_a
D:2:      corexii_leaking_fountain
D:3:      roderic_batcave, tgw_sif, uniq_robin

Skill      XL: |  1  2  3 |
---------------+----------+-----
Spellcasting   | 2 3 |  3.3
Dodging        | |  1.5
Stealth        | |  1.5
Conjurations   | |  1.0
Fire Magic     | |  3.2

Action                   |  1- 3 |  4- 6 || total
-------------------------+-------+-------++-------
Melee: Short sword       |    20 |       ||    20
       Dagger            |   105 |    15 ||   120
Throw: Javelin           |     3 |       ||     3
 Cast: Flame Tongue      |    27 |    15 ||    42
       Throw Flame       |     1 |       ||     1
  Use: Potion            |       |     1 ||     1
 Stab: Sleeping          |     2 |     1 ||     3
  Eat: Chunk             |     3 |       ||     3
Armor: Robe              |     6 |       ||     6
       Leather armour    |    42 |    15 ||    57
Dodge: Dodged            |    83 |    21 ||   104
